 Dungeon Crawl Stone Soup version 0.30-a0-723-gc1506a1cf0 (webtiles) character file.

Game seed: 1818175637265797171

1196 themarg the Fighter (level 8, 0/79 HPs)
             Began as a Hill Orc Fighter on Jan 28, 2023.
             Was an Initiate of Beogh.
             Slain by Prince Ribbit (16 damage)
             ... on level 6 of the Dungeon.
             The game lasted 00:12:01 (4713 turns).

themarg the Fighter (Hill Orc Fighter)              Turns: 4713, Time: 00:12:01

Health: 0/79       AC:  8    Str: 21    XL:     8   Next: 44%
Magic:  11/11      EV: 10    Int:  8    God:    Beogh [......]
Gold:   274        SH:  5    Dex: 10    Spells: 7/7 levels left

rFire   . . .      SeeInvis .    a - +0 war axe
rCold   + . .      Faith    .    c - +0 buckler
rNeg    . . .      Spirit   .    b - +0 scale mail
rPois   .          Reflect  .    (no helmet)
rElec   .          Harm     .    (no cloak)
rCorr   .          Rampage  .    q - +0 pair of gloves
Will    .....                    (no boots) Stlth
                                 (no amulet)
HPRegen 0.33/turn                i - ring of protection from cold
MPRegen 0.12/turn                (no ring)

@: no status effects
A: no striking features
a: Renounce Religion


You were on level 6 of the Dungeon.
You worshipped Beogh.
Beogh was noncommittal.
You visited 1 branch of the dungeon, and saw 7 of its levels.

You collected 274 gold pieces.

Inventory:

Hand Weapons
 a - a +0 war axe (weapon)
 g - a +0 mace of draining
Missiles
 d - a throwing net
 f - 64 stones (quivered)
 D - 6 poisoned darts
 E - 2 curare-tipped darts
Armour
 b - a +0 scale mail (worn)
 c - a +0 buckler (worn)
 p - an orb of guile
 q - a +0 pair of gloves (worn)
Jewellery
 e - a ring of magical power
 i - a ring of protection from cold (left hand)
 u - a ring of flight
 w - a ring of poison resistance
Wands
 l - a wand of paralysis (3)
Scrolls
 j - 5 scrolls of identify {unknown}
 m - a scroll of summoning {unknown}
 r - a scroll of torment {unknown}
 s - a scroll of fear
 t - 3 scrolls of teleportation {unknown}
 x - a scroll of noise {unknown}
 y - a scroll of blinking {unknown}
 A - a scroll of magic mapping {unknown}
 B - a scroll of fog {unknown}
Potions
 h - 2 potions of berserk rage {unknown}
 k - 3 potions of curing {unknown}
 n - 2 potions of haste {unknown}
 o - 2 potions of cancellation {unknown}
 v - 2 potions of brilliance {unknown}
 z - 2 potions of resistance {unknown}
 C - a potion of heal wounds {unknown}
 F - a potion of attraction {unknown}


   Skills:
 - Level 10.0 Fighting
 - Level 2.6 Axes
 - Level 3.2 Armour
 + Level 2.6 Dodging
 - Level 5.0 Shields
 + Level 4.3 Invocations


You had 7 spell levels left.
You didn't know any spells.
Your spell library contained the following spells:

 Spells                   Type           Power      Damage    Failure   Level
 Magic Dart               Conj           0%         1d3       83%         1
 Call Imp                 Summ           0%         N/A       92%         2
 Mephitic Cloud           Conj/Pois/Air  0%         N/A       99%         3


Dungeon Overview and Level Annotations

Branches:
Dungeon (7/15)
 Temple: D:4-7

Altars:
Elyvilon
Qazlal
Ru
The Shining One

Annotations:
D:6 Prince Ribbit, Sigmund


Message History

The ogre hits you with a +0 giant spiked club!
You slash the ogre!
The ogre is moderately wounded.
The ogre misses you.
You barely miss the ogre.
The ogre is moderately wounded.
The ogre misses you.
You barely miss the ogre.
The ogre is moderately wounded.
The ogre hits you with a +0 giant spiked club!!
You slash the ogre!
The ogre is heavily wounded.
The ogre hits you with a +0 giant spiked club!
You slash the ogre!
You kill the ogre!
Beogh accepts your kill.
Your Invocations skill increases to level 4!
Prince Ribbit is nearby!
Prince Ribbit croaks.
Prince Ribbit blinks!
Prince Ribbit blinks!
Prince Ribbit sighs, "It's not easy being green!"
Prince Ribbit blinks!
Prince Ribbit blinks!
Prince Ribbit barely misses you. You block Prince Ribbit's attack.
Prince Ribbit hits you but does no damage.
Prince Ribbit misses you. Prince Ribbit hits you!
There is a stone staircase leading up here.
You barely miss Prince Ribbit.
Prince Ribbit hits you but does no damage.
Prince Ribbit closely misses you.
You closely miss Prince Ribbit. Prince Ribbit completely misses you.
Prince Ribbit hits you.
You miss Prince Ribbit. Prince Ribbit closely misses you.
Prince Ribbit hits you!
* * * LOW HITPOINT WARNING * * *
You miss Prince Ribbit. Prince Ribbit hits you!
You die...

#####.........#
#......
..............#
#...... ............#
#...... ............+
#...<.. ####........#
#...... ##.......#
#...... #.#....##
#####......
#.##....###..........
#.#.@F#...#.#........
#.#.#.#.....#..#.....
...........#...)..#..
.....#.##......###....
#..##..#.........#
#.### ..
.......#.....# #.# #
...................
.....>...#.....#####
.............


You could see Prince Ribbit.

Vanquished Creatures
  Eustachio (D:4)
  An ogre (D:6)
  2 phantoms
  2 kobold brigands (D:5)
  3 necrophages (D:4)
  A howler monkey (D:5)
  A gnoll bouda (D:5)
  3 hounds
  2 jellies (D:5)
  2 iguanas
  2 orc wizards (D:4)
  7 gnolls
  4 adders
  2 ufetubi
  A dart slug (D:4)
  11 orcs
  5 endoplasms
  5 giant cockroaches
  3 goblins
  10 hobgoblins
  A jackal (D:1)
  5 quokkas
  7 ball pythons
  3 bats
  6 frilled lizards
  14 kobolds
  5 rats
109 creatures vanquished.

Vanquished Creatures (others)
  An orc priest (D:5)
  2 gnolls (D:5)
  An orc (D:5)
  A butterfly (D:3)
  5 plants
10 creatures vanquished.

Grand Total: 119 creatures vanquished

Notes
Turn   | Place    | Note
-------+----------+-------------------------------------------
     0 | D:1      | themarg the Hill Orc Fighter began the quest for the Orb.
     0 | D:1      | Reached XP level 1. HP: 19/19 MP: 1/1
   226 | D:1      | Reached skill level 4 in Fighting
   226 | D:1      | Reached XP level 2. HP: 27/27 MP: 2/2
   434 | D:1      | Reached XP level 3. HP: 34/34 MP: 3/3
  1010 | D:2      | Found a stormy altar of Qazlal.
  1708 | D:3      | Reached XP level 4. HP: 41/41 MP: 4/4
  1832 | D:3      | Found a white marble altar of Elyvilon.
  1965 | D:3      | Reached skill level 5 in Fighting
  2301 | D:4      | Reached skill level 5 in Shields
  2301 | D:4      | Reached XP level 5. HP: 36/48 MP: 5/5
  2315 | D:4      | Reached skill level 6 in Fighting
  2399 | D:4      | Reached XP level 6. HP: 39/58 MP: 6/6
  2581 | D:4      | Reached skill level 7 in Fighting
  2659 | D:4      | You fall into a shaft and drop 3 floors!
  2686 | D:6      | Noticed Sigmund
  2691 | D:6      | Noticed Prince Ribbit
  2692 | D:5      | Entered Level 5 of the Dungeon
  2702 | D:5      | Reached skill level 8 in Fighting
  2727 | D:5      | Reached XP level 7. HP: 29/68 MP: 7/7
  3150 | D:4      | Noticed Eustachio
  3191 | D:4      | Killed Eustachio
  3192 | D:4      | Reached skill level 9 in Fighting
  3385 | D:5      | Found a glowing golden altar of the Shining One.
  3604 | D:5      | Became a worshipper of Beogh the Brigand
  3819 | D:5      | Reached skill level 10 in Fighting
  3833 | D:5      | Reached skill level 1 in Invocations
  3840 | D:5      | Reached XP level 8. HP: 19/79 MP: 7/9
  3842 | D:5      | Reached skill level 1 in Dodging
  4456 | D:5      | Found a sacrificial altar of Ru.
  4713 | D:6      | Slain by Prince Ribbit

Illustrated notes

Levels and vault maps discovered:
D:1:      wander_arrival_lonely_grave, layout_loops_cross, serial_forest,
          infiniplex_forest_straight_2, infiniplex_forest_lined_room_2,
          infiniplex_forest_clump_medium, infiniplex_forest_straight_3,
          minmay_tall_x
D:2:      layout_basic, basic_altar, serial_forest, infiniplex_forest_clump_C,
          infiniplex_forest_lined_2, infiniplex_forest_clump_small,
          infiniplex_forest_clump_small, infiniplex_forest_clump_cross
D:3:      layout_basic, nicolae_elyvilon_peaceful_grove, kennysheep_potato
D:4:      layout_gridville, uniq_eustachio
D:5:      cheibrodos_thug_alley, layout_basic, nicolae_ru_the_path_less_chosen,
          mainiacjoe_overflow_concentric_impassable, serial_curves,
          eino_curves_02, eino_curves_02, eino_curves_01, eino_curves_02
D:6:      layout_rooms, minmay_temple_entry_mini_moons, serial_shops,
          kennysheep_little_box, due_unseen_surprise, uniq_sigmund,
          uniq_grinder, uniq_prince_ribbit1
D:7:      layout_cave_pools, mainiacjoe_overflow_big_doors

Skill      XL: |  1  2  3  4  5  6  7  8 |
---------------+-------------------------+-----
Fighting       | 4 5 6 8 10 | 10.0
Shields        | 4 5 |  5.0
Invocations    | 1 4 |  4.3
Dodging        | 2 |  2.6
Axes           | |  2.6
Armour         | |  3.2

Action                     |  1- 3 |  4- 6 |  7- 9 || total
---------------------------+-------+-------+-------++-------
  Melee: War axe           |   104 |   103 |   178 ||   385
 Invoke: Convert to Beogh  |       |       |     1 ||     1
    Use: Scroll            |       |       |     1 ||     1
         Potion            |       |       |     1 ||     1
 Armour: Scale mail        |    52 |    47 |   113 ||   212
  Dodge: Dodged            |    45 |    47 |   145 ||   237
  Block: Buckler           |    20 |    37 |    58 ||   115

Table legend: (Time is in decaauts)
 A = Elapsed time spent in this place.
 B = Non-inter-level travel time spent in this place.
 C = Inter-level travel time spent in this place.
 D = Time resting spent in this place.
 E = Time spent auto-exploring this place.
 F = Levels seen in this place.
 G = Mean time per level.
                   A        B        C        D        E       F      G
               +--------+--------+--------+--------+--------+-----+--------+
         Total |   4886 |   4717 |    169 |    317 |   3321 |   7 |  698.0 |
       Dungeon |   4886 |   4717 |    169 |    317 |   3321 |   7 |  698.0 |
               +--------+--------+--------+--------+--------+-----+--------+

Top non-repeatable levels by time:
     D:5: 1489 daAuts
     D:4: 962 daAuts
     D:2: 788 daAuts
     D:3: 755 daAuts
     D:1: 719 daAuts
     D:6: 144 daAuts
     D:7: 26 daAuts
